 Dungeon Crawl Stone Soup version 0.30-a0-920-g7493c07aab (webtiles) character file.

Game seed: 12846962208794641796

226 cheesebisquit the Chiller (level 6, -8/41 HPs)
             Began as a Merfolk Ice Elementalist on Mar 21, 2023.
             Mangled by Duvessa
             ... wielding a +0 rapier
              (13 damage)
             ... on level 4 of the Dungeon.
             The game lasted 00:14:35 (3820 turns).

cheesebisquit the Chiller (MfIE)                    Turns: 3820, Time: 00:14:35

Health: -8/41      AC:  4    Str:  9    XL:     6   Next: 1%
Magic:  9/11       EV: 13    Int: 16    God:
Gold:   115        SH:  0    Dex: 14    Spells: 10/11 levels left

rFire   + . .      SeeInvis .    (no weapon)
rCold   + . .      Faith    .    (no shield)
rNeg    . . .      Spirit   .    a - +0 robe
rPois   +          Reflect  .    b - +0 helmet
rElec   +          Rampage  .    (no cloak)
rCorr   +                        r - +0 pair of gloves
Will    .....                    (no boots)
Stlth   +                        (no amulet)
HPRegen 0.26/turn                (no ring)
MPRegen 0.12/turn                (no ring)

@: lit by a corona, resistant, glowing
A: (nimble swimmer 2), mertail
a: no special abilities


You were on level 4 of the Dungeon.
You visited 1 branch of the dungeon, and saw 4 of its levels.

You collected 143 gold pieces.
You spent 28 gold pieces at shops.

Inventory:

Missiles
 j - 4 poisoned darts
Armour
 a - a +0 robe (worn)
 b - a +0 helmet (worn)
 r - a +0 pair of gloves (worn)
Wands
 p - a wand of iceblast (1)
 t - a wand of polymorph (3)
Scrolls
 e - a scroll of enchant armour {unknown}
 g - 2 scrolls of noise
 h - a scroll of blinking {unknown}
 i - 2 scrolls of magic mapping
 k - 3 scrolls of vulnerability {unknown}
 l - 2 scrolls of enchant weapon {unknown}
 o - a scroll of silence {unknown}
 q - a scroll of teleportation {unknown}
Potions
 c - a potion of flight


   Skills:
 - Level 4.0 Dodging
 - Level 3.5 Stealth
 + Level 3.3 Spellcasting
 * Level 5.9 Ice Magic


You had 10 spell levels left.
You knew the following spells:

 Your Spells              Type           Power      Damage    Failure   Level
a - Freeze                Ice            84%        1d9       1%          1

Your spell library contained the following spells:

 Spells                   Type           Power      Damage    Failure   Level
 Frozen Ramparts          Ice            42%        1d7       4%          3
 Ozocubu's Armour         Ice            21%        N/A       4%          3
 Summon Guardian Golem    Hex/Summ       2%         N/A       47%         3
 Summon Ice Beast         Ice/Summ       12%        N/A       47%         4
 Orb of Destruction       Conj           1%         9d5       100%        7
 Spellforged Servitor     Conj/Summ      1%         N/A       100%        7


Dungeon Overview and Level Annotations

Branches:
Dungeon (4/15)
 Temple: D:4-7

Altars:

Shops:
D:1 ?   D:3 :[:![

Annotations:
D:2 Sigmund
D:4 Duvessa


Innate Abilities, Weirdness & Mutations

((You are very nimble when in or above water. (Stealth+, EV+, Speed+++)))
Your lower body shifts to a powerful aquatic tail in water.


Message History

The puff of flame hits you.
The mass of ice explodes!
The iceblast engulfs Dowan!
Dowan is heavily wounded.
The mass of ice explodes!
The iceblast engulfs Dowan!!
You kill Dowan!
You hear a distant scream of rage.
You hear a shout!
You have reached level 6!
You start resting.
Duvessa, Sister of Dowan comes into view.
She is wielding a +0 rapier and wearing a +1 leather armour of fire resistance.
That beam is likely to hit you.
Continue anyway? [Y]es or [N]o only, please.
That beam is likely to hit you.
Continue anyway?
Okay, then.
You throw a poisoned dart. The poisoned dart hits Duvessa.
Duvessa is poisoned.
Duvessa goes berserk!
You throw a poisoned dart.
The poisoned dart barely misses Duvessa.
You throw a poisoned dart.
The poisoned dart barely misses Duvessa.
Aiming: Iceblast
Press: ? - help, Q - select action, (/) - cycle Shift-Dir - straight line, f/p - Duvessa
Aim: Duvessa, wielding a +0 rapier and wearing a +1 leather armour of fire resistance (lightly wounded, berserk, poisoned)
The mass of ice explodes!
The iceblast engulfs Duvessa!
Duvessa is moderately wounded.
You throw a poisoned dart. The poisoned dart hits Duvessa.
Duvessa is moderately wounded.
Duvessa hits you with a +0 rapier. Duvessa barely misses you.
You throw a poisoned dart.
The poisoned dart barely misses Duvessa.
Duvessa hits you with a +0 rapier!
You freeze Duvessa!
Duvessa is heavily wounded.
Duvessa hits you with a +0 rapier!
* * * LOW HITPOINT WARNING * * *
Duvessa hits you with a +0 rapier.
* * * LOW HITPOINT WARNING * * *
You feel protected. Duvessa hits you with a +0 rapier!
You die...

..........###
....e.......#
.$......###.#####
........# #(....#
........# #.....#
........# #.....#
.........##(....#
.........(.(...e#########
.........#.#####@........
........... #.#######.
+#.## #.# #. #.##### #
#....<# #######


You could see Duvessa (berserk, poisoned).

Vanquished Creatures
  Dowan (D:4)
  A hound (D:4)
  A sleepcap (D:4)
  An orc wizard (D:4)
  5 adders
  2 orcs (D:4)
  7 ball pythons
  7 endoplasms
  4 giant cockroaches
  4 hobgoblins
  2 jackals (D:3)
  5 bats
  3 frilled lizards
  2 goblins (D:2)
  6 kobolds
  4 rats
55 creatures vanquished.

Vanquished Creatures (others)
  22 fungi (D:4)
  44 plants (D:4)
66 creatures vanquished.

Grand Total: 121 creatures vanquished

Notes
Turn   | Place    | Note
-------+----------+-------------------------------------------
     0 | D:1      | cheesebisquit the Merfolk Ice Elementalist began the quest
                  | for the Orb.
     0 | D:1      | Reached XP level 1. HP: 13/13 MP: 3/3
   346 | D:1      | Reached XP level 2. HP: 19/19 MP: 0/5
   767 | D:1      | Found Daggu's Magic Scroll Shoppe.
   775 | D:1      | Bought a scroll of identify for 28 gold pieces
  1038 | D:2      | Reached XP level 3. HP: 20/24 MP: 2/6
  1474 | D:2      | Noticed Sigmund
  2008 | D:3      | Found Paajypri's Distillery.
  2012 | D:3      | Found Plog's Armour Emporium.
  2085 | D:3      | Found Bunn's Book Shoppe.
  2164 | D:3      | Found a faded altar of an unknown god.
  2169 | D:3      | Reached XP level 4. HP: 28/30 MP: 5/7
  2196 | D:3      | Found Dataoc's Book Shoppe.
  2673 | D:3      | Found Turao's Armour Boutique.
  3141 | D:4      | Noticed Dowan
  3198 | D:4      | Reached skill level 5 in Ice Magic
  3358 | D:4      | Reached XP level 5. HP: 23/35 MP: 5/9
  3808 | D:4      | Killed Dowan
  3809 | D:4      | Reached XP level 6. HP: 35/41 MP: 9/11
  3812 | D:4      | Noticed Duvessa
  3820 | D:4      | Mangled by Duvessa

Illustrated notes

Levels and vault maps discovered:
D:1:      dpeg_arrival_short_road, layout_loops_ring, serial_shops,
          nicolae_shop_statue_plus, bh_walls_and_bars
D:2:      layout_loops_ring, chequers_avenue, uniq_sigmund
D:3:      layout_loops_corners, serial_shops, shop, shop,
          nicolae_shop_waterfront, shop, nicolae_diamond_shop,
          hellmonk_ecumenical_altar_arch_garden
D:4:      layout_basic, tgw_fedhas, nzn_random_ring, uniq_duvessa

Skill      XL: |  1  2  3  4  5 |
---------------+----------------+-----
Dodging        | 3 4 |  4.0
Stealth        | 3 |  3.5
Ice Magic      | 5 |  5.9
Spellcasting   | 3 |  3.3

Action                     |  1- 3 |  4- 6 || total
---------------------------+-------+-------++-------
  Melee: Unarmed           |    11 |    29 ||    40
  Throw: Dart              |       |     5 ||     5
   Cast: Freeze            |    50 |    56 ||   106
  Evoke: Wand              |       |     3 ||     3
    Use: Potion            |     2 |     6 ||     8
         Scroll            |     5 |     2 ||     7
   Stab: Sleeping          |     1 |       ||     1
 Armour: Robe              |    11 |    19 ||    30
  Dodge: Dodged            |    27 |    38 ||    65

Table legend: (Time is in decaauts)
 A = Elapsed time spent in this place.
 B = Non-inter-level travel time spent in this place.
 C = Inter-level travel time spent in this place.
 D = Time resting spent in this place.
 E = Time spent auto-exploring this place.
 F = Levels seen in this place.
 G = Mean time per level.
                   A        B        C        D        E       F      G
               +--------+--------+--------+--------+--------+-----+--------+
         Total |   3817 |   3643 |    174 |    239 |   2797 |   4 |  954.2 |
       Dungeon |   3817 |   3643 |    174 |    239 |   2797 |   4 |  954.2 |
               +--------+--------+--------+--------+--------+-----+--------+

Top non-repeatable levels by time:
     D:3: 1177 daAuts
     D:2: 995 daAuts
     D:1: 995 daAuts
     D:4: 649 daAuts
